 Dungeon Crawl Stone Soup version 0.21-a0-529-g8c7b3f5 (webtiles) character file.

56 slep the Chopper (level 3, -1/27 HPs)
             Began as a Demonspawn Gladiator on Dec 10, 2017.
             Slain by a leopard gecko (2 damage)
             ... on level 2 of the Dungeon.
             The game lasted 00:03:23 (990 turns).

slep the Chopper (Demonspawn Gladiator)              Turns: 990, Time: 00:03:25

Health: -1/27      AC:  4    Str: 20    XL:     3   Next: 69%
Magic:  3/3        EV: 13    Int:  9    God:
Gold:   85         SH:  0    Dex: 14    Spells: 2/2 levels left

rFire    x . .     SeeInvis .   a - +0 war axe
rCold    + . .     Gourm    .   (no shield)
rNeg     . . .     Faith    .   b - +0 leather armour
rPois    .         Spirit   .   c - +0 helmet
rElec    .         Reflect  .   (no cloak)
rCorr    .         Harm     .   (no gloves)
MR       .....                  (no boots)
Stlth    +.........             (no amulet)
HPRegen  0.09/turn              j - ring of ice
MPRegen  0.08/turn              (no ring)

@: mighty
A: hooves 1, sturdy frame 1
a: no special abilities


You were on level 2 of the Dungeon.
You were not hungry.

You visited 1 branch of the dungeon, and saw 2 of its levels.

You collected 85 gold pieces.

Inventory:

Hand Weapons
 a - a +0 war axe (weapon)
Missiles
 d - 3 throwing nets (quivered)
Armour
 b - a +0 leather armour (worn)
 c - a +0 helmet (worn)
Jewellery
 j - a ring of ice (left hand)
Scrolls
 e - a scroll of identify {unknown}
 g - a scroll of fear {unknown}
 h - a scroll of enchant armour {unknown}
 i - a scroll of teleportation {unknown}
 n - a scroll of noise {unknown}
 q - a scroll of magic mapping {unknown}
Potions
 l - a potion of berserk rage {unknown}
 m - a potion of degeneration {unknown}
 p - a potion of might
Comestibles
 f - 2 bread rations
 o - a royal jelly


   Skills:
 + Level 2.1 Fighting
 + Level 3.6 Axes
 + Level 1.8 Throwing
 + Level 0.6 Armour
 + Level 3.2 Dodging
 + Level 0.1 Stealth


You had 2 spell levels left.
You didn't know any spells.

Dungeon Overview and Level Annotations

Branches:
Dungeon (2/15)

Altars:
Okawaru
Qazlal


Innate Abilities, Weirdness & Mutations

You have large cloven feet.
Your movements are slightly less encumbered by armour. (ER -2)


Message History

The jackal misses you.
It was a potion of cancellation.
You feel magically purged.
The jackal bites you but does no damage.
It was a potion of might.
You feel very mighty all of a sudden. The jackal misses you.
You slash the jackal!
You kill the jackal!
You slash the jackal!
You kill the jackal!
The jackal misses you.
Unknown command.
You barely miss the jackal. Your kick misses the jackal.
You barely miss the worm. You kick the worm!
You kill the worm!
You barely miss the jackal. You closely miss the leopard gecko.
The jackal bites you.
* * * LOW HITPOINT WARNING * * *
The leopard gecko bites you.
You die...

#..........###.....#
#...........##.....#####
#.........#.##.........#
#.........#..#.........#
#.........##.#.........#
...........##.#...†.....#
.#.........##..)h(.......
.#############.#l####....
#.h@# ... #.†.# . #...#
#.#.# ....# .#...#
..#.#.# ## ..#


You could see a leopard gecko and 2 jackals.

Vanquished Creatures
  2 oozes
  A worm (D:2)
  4 dart slugs
  2 giant cockroaches
  3 goblins
  3 hobgoblins
  6 jackals (D:2)
  2 kobolds
  A quokka (D:2)
  2 bats (D:1)
  3 frilled lizards (D:1)
  7 rats (D:1)
36 creatures vanquished.

Notes
Turn   | Place    | Note
-------+----------+-------------------------------------------
     0 | D:1      | slep the Demonspawn Gladiator began the quest for the Orb.
     0 | D:1      | Reached XP level 1. HP: 16/16 MP: 1/1
    38 | D:1      | Gained mutation: Your movements are slightly less encumbered by armour. (ER -2) [demonic ancestry]
    38 | D:1      | Reached XP level 2. HP: 12/22 MP: 2/2
   723 | D:1      | Gained mutation: You have large cloven feet. [demonic ancestry]
   723 | D:1      | Reached XP level 3. HP: 27/27 MP: 3/3
   833 | D:2      | Found an iron altar of Okawaru.
   833 | D:2      | Found a stormy altar of Qazlal.
   990 | D:2      | HP: 1/27 [jackal (1)]
   990 | D:2      | Slain by a leopard gecko

Vault maps used:
D:1:      dpeg_arrival_ratfight
D:2:      nicolae_overflow_hidden_temple, st_stairs_14

Skill      XL: |  1  2 |
---------------+-------+-----
Axes           | 3 |  3.6
Dodging        | 3 |  3.2
Fighting       | |  2.1
Throwing       | |  1.8
Armour         | |  0.6
Stealth        | |  0.1

Action                   || total
-------------------------++-------
Melee: War axe           ||    89
       Kick              ||    11
  Use: Potion            ||     2
Armor: Leather armour    ||    17
Dodge: Dodged            ||    70

Table legend:
 A = Spawn XP
 B = Non-spawn XP
 C = Spawn XP percentage of total XP
 D = Spawn monster count
 E = Non-spawn monster count
 F = Spawn count percentage of total count
 G = Total turns spent on level
                    A         B        C        D         E        F      G
               +---------+---------+-------+---------+---------+-------+---------
         Total |       0 |      80 |   0.0 |       0 |      36 |   0.0 |   990
               +---------+---------+-------+---------+---------+-------+---------
           D:1 |       0 |      41 |   0.0 |       0 |      21 |   0.0 |   777
           D:2 |       0 |      39 |   0.0 |       0 |      15 |   0.0 |   213
               +---------+---------+-------+---------+---------+-------+---------
